 Dungeon Crawl Stone Soup version 0.21-a0-135-g8dc100c (webtiles) character file.

170 GordonOverkill the Chopper (level 5, -2/47 HPs)
             Began as a Minotaur Abyssal Knight on July 17, 2017.
             Was a Believer of Lugonu.
             Slain by an orc
             ... wielding a +0 whip
              (6 damage)
             ... on level 3 of the Dungeon.
             The game lasted 00:03:49 (2698 turns).

GordonOverkill the Chopper (MiAK)                   Turns: 2698, Time: 00:03:50

Health: -2/47      AC:  4    Str: 17    XL:     5   Next: 26%
Magic:  5/5        EV: 11    Int:  9    God:    Lugonu [**....]
Gold:   162        SH:  0    Dex: 10    Spells: 4/4 levels left

rFire    . . .     SeeInvis .   a - +1 hand axe
rCold    . . .     Gourm    .   (no shield)
rNeg     . . .     Faith    .   b - +0 leather armour
rPois    .         Spirit   .   (helmet restricted)
rElec    .         Reflect  .   (no cloak)
rCorr    .         Harm     .   i - +0 pair of gloves
MR       .....                  (no boots)
Stlth    +.........             (no amulet)
HPRegen  0.15/turn              (no ring)
MPRegen  0.09/turn              (no ring)

@: lethally poisoned (-2 -> -6), berserk cooldown, slowed, very slow
A: retaliatory headbutt, horns 2
a: Depart the Abyss, Bend Space, Renounce Religion


You were on level 3 of the Dungeon.
You worshipped Lugonu.
Lugonu was pleased with you.
You were not hungry.

You visited 1 branch of the dungeon, and saw 3 of its levels.
You visited the Abyss 1 time.

You collected 162 gold pieces.

Inventory:

Hand Weapons
 a - a +1 hand axe (weapon)
Armour
 b - a +0 leather armour (worn)
 i - a +0 pair of gloves (worn)
 t - a +0 shield
Jewellery
 r - an uncursed amulet of magic regeneration {unknown}
 s - an uncursed amulet of faith {unknown}
 u - an uncursed ring of protection from fire {unknown}
Scrolls
 f - 3 scrolls of remove curse
 h - a scroll of recharging {unknown}
 j - a scroll of random uselessness {unknown}
 k - 7 scrolls of identify
 q - 2 scrolls of amnesia {unknown}
Potions
 e - a potion of haste {unknown}
 o - a potion of degeneration {unknown}
 p - a potion of curing {unknown}
Comestibles
 c - a bread ration
 g - 2 fruits
 l - 2 meat rations
 m - a royal jelly
 n - 5 chunks of flesh


   Skills:
 + Level 4.6 Fighting
 * Level 5.1 Axes
 + Level 3.8 Armour
 - Level 1.1 Dodging
 - Level 1.7 Invocations


You had 4 spell levels left.
You didn't know any spells.

Dungeon Overview and Level Annotations

Branches:
Dungeon (3/15)

Altars:


Innate Abilities, Weirdness & Mutations

You reflexively headbutt those who attack you in melee.
You have a pair of horns on your head.


Message History

Lugonu accepts your kill.
Your Axes skill increases to level 5!
You feel sick.
You barely miss the orc. Your headbutt misses the orc.
You are no longer berserk.
You are exhausted.
You feel yourself slow down. The orc barely misses you.
You hit the orc. Your headbutt misses the orc.
The orc is heavily wounded.
You feel sick. The orc closely misses you.
You hit the orc. You headbutt the orc.
You kill the orc!
Lugonu accepts your kill.
You feel sick. The orc hits you with a whip.
* * * LOW HITPOINT WARNING * * *
You closely miss the orc. Your headbutt misses the orc.
You feel sick. The orc hits you with a whip.
* * * LOW HITPOINT WARNING * * *
The orc hits you with a whip.
You die...

##.## ##)).#
#....# #....#
#)...# #...#
##)## .. #(# ..
#@# #.## ##o#
#..# #.o#
######..# #.##
........# ##.#
.......o######..#
.......go.o....##
.!.....oo#######
......%..#


You could see 2 orcs.

Vanquished Creatures
  An orc priest (D:3)
  5 adders
  3 oozes (D:1)
  3 worms (D:2)
  A dart slug (D:2)
  A leopard gecko (D:2)
  5 orcs (D:3)
  5 giant cockroaches (D:1)
  10 goblins
  4 hobgoblins
  4 jackals
  A quokka (D:2)
  A ball python (D:2)
  8 bats
  4 frilled lizards
  7 kobolds
  6 rats
69 creatures vanquished.

Notes
Turn   | Place    | Note
-------+----------+-------------------------------------------
     0 | Abyss:1  | GordonOverkill the Minotaur Abyssal Knight began the quest for the Orb.
     0 | Abyss:1  | Reached XP level 1. HP: 19/19 MP: 1/1
     5 | Abyss:1  | Found a corrupted altar of Lugonu.
    36 | Abyss:1  | Noticed an orange demon
    38 | D:1      | Escaped the Abyss
    45 | D:1      | Reached skill level 3 in Axes
    59 | D:1      | Reached XP level 2. HP: 26/27 MP: 2/2
   119 | D:1      | Reached * piety under Lugonu
   383 | D:1      | Reached XP level 3. HP: 33/33 MP: 3/3
  1435 | D:2      | Reached skill level 4 in Axes
  1672 | D:2      | Reached XP level 4. HP: 33/40 MP: 4/4
  1910 | D:2      | Reached ** piety under Lugonu
  2690 | D:3      | Reached XP level 5. HP: 23/47 MP: 5/5
  2694 | D:3      | Reached skill level 5 in Axes
  2698 | D:3      | Slain by an orc

Vault maps used:
D:1:      onia_arrival_handbag
D:2:      kennysheep_big_flooded_room
D:3:      first_bread, uniq_crazy_yiuf_cottage, uniq_sigmund

Skill      XL: |  1  2  3  4  5 |
---------------+----------------+-----
Axes           | 3 4 5 |  5.1
Armour         | 3 |  3.8
Fighting       | 4 |  4.6
Dodging        | |  1.1
Invocations    | |  1.7

Action                   |  1- 3 |  4- 6 || total
-------------------------+-------+-------++-------
Melee: Hand axe          |    94 |    84 ||   178
       Headbutt          |    12 |     9 ||    21
Invok: Depart the Abyss  |     1 |       ||     1
  Use: Scroll            |       |     2 ||     2
       Potion            |       |     1 ||     1
  Eat: Chunk             |     2 |     4 ||     6
Armor: Leather armour    |    28 |    43 ||    71
Dodge: Dodged            |    59 |    70 ||   129
